AoeStats
← Reimser

Coastal Forest

510770931Analyzed
3v3 RM · 10h ago on Oct 2, 2026· 52m 33s· 6 players
Game mode
Random Map
Map size
Normal (6 player)
Population
200
Speed
Normal
Resources
Standard
Victory
Conquest
Starting age
Dark Age
Ending age
Imperial Age
RankedLock teamsTeams togetherTeam positionsShared explorationLock speedFull tech treeHidden civsTurbo modeCheats
Victory
Defeat
🇲🇴 Gurjaras · Macao SAR China
1221
+13
🇨🇳 Mongols · China
1134
+16
🇲🇴 Berbers · Macao SAR China
1124
+17
🇩🇪 Cumans · Germany
1228
-18
1201
-18
🇨🇳 Malay · China
1012
-10
danielchanlam
7:13 Loom
9:11 Feudal Age
10:26 Double-Bit Axe
22:09 Castle Age
20:46 Horse Collar
21:43 Gold Mining
23:04 Heavy Plow
23:24 Bloodlines
23:14 Husbandry
36:04 Scale Barding Armor
36:10 Forging
42:27 Imperial Age
43:25 Wheelbarrow
47:50 Gold Shaft Mining
48:09 Iron Casting
47:55 Chain Barding Armor
48:13 Elite Shrivamsha Rider
49:29 Heavy Camel Rider
50:47 Crop Rotation
51:16 Hand Cart
52:10 Stone Mining
EddieLooo
11:46 Feudal Age
16:18 Castle Age
14:37 Double-Bit Axe
17:17 Fletching
18:11 Bodkin Arrow
23:52 Thumb Ring
25:11 Padded Archer Armor
26:34 Leather Archer Armor
31:19 Gold Mining
39:50 Imperial Age
37:45 Bow Saw
39:27 Ballistics
41:27 Bracer
42:57 Heavy Cavalry Archer
44:23 Elite Genitour
50:38 Chemistry
ok go
5:49 Loom
8:07 Feudal Age
9:04 Double-Bit Axe
16:24 Bloodlines
20:41 Castle Age
20:28 Wheelbarrow
19:44 Stone Mining
19:55 Gold Mining
22:03 Bow Saw
23:30 Husbandry
24:32 Fletching
24:42 Padded Archer Armor
25:38 Bodkin Arrow
27:27 Leather Archer Armor
29:57 Gold Shaft Mining
33:08 Ballistics
40:45 Imperial Age
40:01 Hand Cart
40:23 Stone Shaft Mining
39:29 Horse Collar
40:55 Thumb Ring
40:53 Heavy Plow
41:58 Conscription
42:39 Chemistry
41:49 Bracer
44:18 Elite Mangudai
45:42 Parthian Tactics
45:35 Capped Ram
46:33 Siege Ram
51:30 Siege Engineers
51:37 Masonry
Reimser
7:46 Loom
9:48 Feudal Age
10:39 Double-Bit Axe
10:53 Horse Collar
17:52 Scale Barding Armor
18:39 Fletching
21:16 Stone Mining
23:36 Castle Age
22:35 Forging
22:43 Bloodlines
24:46 Chain Barding Armor
24:43 Town Watch
27:14 Gold Mining
28:58 Wheelbarrow
29:09 Iron Casting
31:33 Hand Cart
32:00 Heavy Plow
32:19 Bow Saw
38:31 Imperial Age
40:03 Fletching
44:04 Bodkin Arrow
阿南
0:27 Loom
14:37 Feudal Age
16:41 Horse Collar
19:40 Double-Bit Axe
26:11 Castle Age
26:05 Stone Mining
27:06 Heavy Plow
27:29 Bow Saw
30:12 Wheelbarrow
29:23 Town Watch
37:24 Imperial Age
35:25 Forging
35:22 Scale Barding Armor
35:20 Gold Mining
36:41 Husbandry
39:05 Iron Casting
40:01 Hand Cart
42:55 Blast Furnace
42:09 Elite Battle Elephant
45:01 Squires
44:22 Man-at-Arms
44:48 Arson
47:11 Long Swordsman
48:15 Conscription
47:56 Forced Levy
48:29 Two-Handed Swordsman
驯龙骑士尹志平
12:39 Feudal Age
11:05 Loom
12:51 Feudal Age
17:40 Castle Age
17:28 Gold Mining
17:47 Double-Bit Axe
19:19 Bow Saw
20:09 Fletching
20:19 Padded Archer Armor
21:58 Bodkin Arrow
24:15 Leather Archer Armor
24:38 Ballistics
24:50 Treadmill Crane
25:59 Gold Shaft Mining
27:55 Stone Mining
34:56 Pikeman
37:18 Wheelbarrow
36:29 Town Watch
37:22 Squires
37:07 Arson
37:52 Forging
37:42 Scale Mail Armor
38:28 Fishing Lines
42:56 Imperial Age
40:43 Hand Cart
40:37 Town Watch
42:07 Iron Casting
41:47 Chain Mail Armor
41:54 Chain Mail Armor
44:10 Parthian Tactics
43:41 Gillnets
44:09 Town Patrol
45:11 Blast Furnace
44:44 Plate Mail Armor
44:27 Bracer
45:57 Chemistry
46:13 Ring Archer Armor
45:31 Halberdier
46:43 Conscription
46:47 Siege Engineers
47:58 Elite Samurai
50:00 Heavy Cavalry Archer
Connection lost

Rejoining the realm…

Still unreachable

The connection could not be restored.

Session expired

The server has moved on; the page needs a fresh start.